cohdb
Replays
Latest Replays
All Replays
Popular Replays
Top Player Replays
Match Explorer
How It Works
Community
CoH3 Stats
Reddit
Sign in to upload your games and track your stats! →
Sign in with Steam
Match 43745538
Unlisted
Match 43745538
Overview
Messages
Build Orders
End
Panzergrenadier Squad
Panzergrenadier Squad
Construct Light Support Kompanie
MG34 Team
Selects Battlefield Espionage Battlegroup
Selects Intel Disruption Beacon
2.5-tonne Medical Truck
Assault Grenadier Squad
Fire Support Elements
le.IG 18 Mechanized Group
Pak 38 Anti-tank Gun Team
Selects 250/3 Funkpanzerwagen
Selects Advanced Ambush Training
Assault Grenadier Squad
Assault Mechanized Group
2.5-tonne Medical Truck
Panzergrenadier Squad
Selects Plunder
Selects Firestorm
Firestorm
Panzergrenadier Squad
TheNounou
SerKar
IX_Kill
antoniotoxiria
SirHilaryManfat
anioki
El Hobo Magnifico
F3nti
0
0
Comments
sign in to comment!
No comments posted yet!